 Dungeon Crawl Stone Soup version 0.21-a0-110-g8e1637b (webtiles) character file.

44 Gorglomux the Charlatan (level 3, 0/31 HPs)
             Began as a Hill Orc Artificer on July 7, 2017.
             Succumbed to an adder's poison
             ... on level 2 of the Dungeon.
             The game lasted 00:04:12 (1213 turns).

Gorglomux the Charlatan (Hill Orc Artificer)        Turns: 1213, Time: 00:04:12

Health: 0/31       AC:  3    Str: 15    XL:     3   Next: 62%
Magic:  5/5        EV: 17    Int: 11    God:
Gold:   40         SH:  0    Dex: 16    Spells: 2/2 levels left

rFire    . . .     SeeInvis .   a - +0 short sword
rCold    . . .     Gourm    .   (no shield)
rNeg     + . .     Faith    .   b - +0 leather armour
rPois    .         Spirit   .   (no helmet)
rElec    .         Reflect  .   (no cloak)
rCorr    .         Harm     .   (no gloves)
MR       .....                  (no boots)
Stlth    ++........             (no amulet)
HPRegen  0.10/turn              J - ring of positive energy
MPRegen  0.09/turn              (no ring)

@: agile, lethally poisoned (0 -> -2), berserk cooldown, slowed, very slow
A: no striking features
a: no special abilities


You were on level 2 of the Dungeon.
You were not hungry.

You visited 1 branch of the dungeon, and saw 2 of its levels.

You collected 40 gold pieces.

Inventory:

Hand Weapons
 a - a +0 short sword (weapon)
Missiles
 L - 2 stones (quivered)
Armour
 b - a +0 leather armour (worn)
Jewellery
 J - a ring of positive energy (left hand)
Wands
 c - a wand of flame (12/48)
 e - a wand of random effects (11/48)
 E - a wand of enslavement (12/24)
Scrolls
 G - 2 scrolls of identify {unknown}
Comestibles
 f - a bread ration
 H - a royal jelly
 M - a chunk of flesh


   Skills:
 + Level 3.0 Fighting
 - Level 1.0 Short Blades
 + Level 2.2 Armour
 - Level 1.5 Dodging
 - Level 0.7 Stealth
 - Level 3.0 Evocations


You had 2 spell levels left.
You didn't know any spells.

Dungeon Overview and Level Annotations

Branches:
Dungeon (2/15)

Altars:

Annotations:
D:2 Terence


Message History

The bat completely misses you.
* * * LOW HITPOINT WARNING * * *
You feel sick. The bat closely misses you. The bat misses you.
Evoke which item? (* to show all) (? for menu, Esc to quit)
Aiming: Random Effects
Press: ? - help, Shift-Dir - straight line, f - you That beam is likely to hit you.
Continue anyway?
You are confused.
This wand has 11 charges left.
The bat barely misses you.
Unknown command.
* * * LOW HITPOINT WARNING * * *
You feel sick. The bat barely misses you.
Evoke which item? (* to show all) (? for menu, Esc to quit)
You're too confused!
The bat misses you.
Unknown command.
You bump into the rock wall.
The bat misses you.
You barely miss the bat.
You feel less confused.
You die...

#.. ## ... #.. .
....####
#.######....####
.#.........#...
###+### (..........#.#
#.....# #.............
#.....###.........#.#.
#....@................
#...b.####.......#.#.#
#.....# ##.###.......
#.....# #.# #.#.#.#.
#.....# #.###.......
#.....### #.##.#.#.#.#
.......+.#
#.##........
#.#..$..#.#
#.#.#.#.#.#.
#...#####.#
#...........


You could see a bat.

Vanquished Creatures
  3 adders (D:2)
  2 dart slugs (D:1)
  2 bats (D:1)
  2 hobgoblins
  2 frilled lizards (D:1)
  A kobold (D:1)
  2 rats (D:1)
14 creatures vanquished.

Vanquished Creatures (collateral kills)
  A worm (D:2)
1 creature vanquished.

Grand Total: 15 creatures vanquished

Notes
Turn   | Place    | Note
-------+----------+-------------------------------------------
     0 | D:1      | Gorglomux the Hill Orc Artificer began the quest for the Orb.
     0 | D:1      | Reached XP level 1. HP: 16/16 MP: 3/3
   218 | D:1      | Reached XP level 2. HP: 24/24 MP: 4/4
   525 | D:1      | Reached skill level 1 in Armour
   939 | D:2      | Reached XP level 3. HP: 29/30 MP: 5/5
   940 | D:2      | Noticed Terence
  1192 | D:2      | Reached skill level 3 in Fighting
  1208 | D:2      | HP: 1/31 [poisoned by an adder]
  1213 | D:2      | Succumbed to an adder's poison

Vault maps used:
D:1:      minmay_arrival_four_houses
D:2:      nicolae_ru_sacrificial_ziggurat, hex_large, uniq_robin, uniq_terence

Skill      XL: |  1  2  3 |
---------------+----------+-----
Fighting       | 2 3 |  3.0
Armour         | 1 2 |  2.2
Short Blades   | |  1.0
Dodging        | |  1.5
Stealth        | |  0.7
Evocations     | |  3.0

Action                   || total
-------------------------++-------
Melee: Short sword       ||    85
Evoke: Wand              ||    10
  Use: Potion            ||     2
  Eat: Chunk             ||     1
Armor: Leather armour    ||    22
Dodge: Dodged            ||    63
